 Dungeon Crawl Stone Soup version 0.31-a0-182-gc5ef74bbde (webtiles) character file.

Game seed: 8623290348329341252

18077 pollynater the Protected (level 12, -19/106 HPs)
             Began as a Minotaur Fighter on June 21, 2023.
             Was a High Priest of Qazlal.
             Demolished by a titanic slime creature (22 damage)
             ... on level 13 of the Dungeon.
             The game lasted 00:38:28 (13448 turns).

pollynater the Protected (Minotaur Fighter)        Turns: 13448, Time: 00:38:28

Health: -19/106    AC: 28    Str: 22    XL:     12   Next: 24%
Magic:  11/11      EV:  9    Int: 13    God:    Qazlal [*****.]
Gold:   292        SH: 12    Dex: 10    Spells: 11/11 levels left

rFire   + . .        b - +4 mace
rCold   x . .        c - +0 buckler
rNeg    . . .        E - +1 plate armour
rPois   .            J - +0 hat of the Big Bang {Regen+ rCorr}
rElec   .            i - +2 cloak
rCorr   +            (no gloves)
SInv    .            n - +2 pair of boots
Will    +....        w - amulet of regeneration Stlth
                     d - ring of Dezokh {Fire Will+ rCorr}
HPRegen 1.97/turn    y - +6 ring of intelligence
MPRegen 0.12/turn

%: random rage (3%), repel missiles
@: protected from physical damage, studying Short Blades
A: horns 2, retaliatory headbutt, talons 1, iridescent scales 1, berserk 1,
clumsy 1
a: Renounce Religion, Upheaval, Elemental Force, Disaster Area


You were on level 13 of the Dungeon.
You worshipped Qazlal.
Qazlal was extremely pleased with you.
You visited 1 branch of the dungeon, and saw 13 of its levels.

You collected 1097 gold pieces.
You spent 805 gold pieces at shops.

Inventory:

Hand Weapons
 a - a +1 flail
 b - a +4 mace (weapon)
Missiles
 j - 27 poisoned darts
 k - 6 boomerangs
 s - a curare-tipped dart
 v - 4 atropa-tipped darts
 N - 2 silver boomerangs
 O - 4 javelins (quivered)
 R - 5 datura-tipped darts
Armour
 c - a +0 buckler (worn)
 i - a +2 cloak (worn)
 n - a +2 pair of boots (worn)
 o - a +0 chain mail
 p - a +0 hat
 E - a +1 plate armour (worn)
 J - the +0 hat of the Big Bang (worn) {Regen+ rCorr}
   (You found it on level 9 of the Dungeon)

   Regen:     It increases your rate of health regeneration.
   rCorr:     It protects you from acid and corrosion.
Jewellery
 d - the ring of Dezokh (left hand) {Fire Will+ rCorr}
   (You bought it in a shop on level 8 of the Dungeon)

   [ring of fire]

   It enhances your fire magic.
   rF:        It protects you from fire.
   rC:        It makes you vulnerable to cold.
   rCorr:     It protects you from acid and corrosion.
   Will:      It increases your willpower.
 l - a ring of protection from cold
 w - an amulet of regeneration (around neck)
 y - a +6 ring of intelligence (right hand)
 D - the amulet of Yrefec {RegenMP rC+ Str-2 Int+2 Dex+3}
   (You found it on level 10 of the Dungeon)

   [amulet of magic regeneration]

   It increases your rate of magic regeneration.
   Str:       It affects your strength (-2).
   Int:       It affects your intelligence (+2).
   Dex:       It affects your dexterity (+3).
   rC:        It protects you from cold.
 I - the ring "Pocw" {rF- rC+ Dex+3 SInv}
   (You found it on level 9 of the Dungeon)

   [ring of protection from cold]

   Dex:       It affects your dexterity (+3).
   rF:        It makes you vulnerable to fire.
   rC:        It protects you from cold.
   SInv:      It lets you see invisible.
 L - an amulet of magic regeneration
Wands
 g - a wand of paralysis (16)
 h - a wand of quicksilver (9)
 q - a wand of roots (8)
 G - a wand of mindburst (7)
Scrolls
 e - 3 scrolls of immolation
 m - 5 scrolls of teleportation
 r - 3 scrolls of poison
 x - 3 scrolls of fear
 z - a scroll of enchant armour
 B - 4 scrolls of identify
 C - 4 scrolls of blinking
 F - 2 scrolls of revelation
Potions
 f - 2 potions of berserk rage
 t - 3 potions of curing
 u - 2 potions of heal wounds
 A - a potion of cancellation
 Q - 2 potions of magic
Miscellaneous
 H - a phantom mirror
 K - a piece from Xom's chessboard (15/15)
 M - a phial of floods
 P - a lightning rod (4/4)


   Skills:
 * Level 10.0 Fighting
 * Level 8.0(10.6) Axes
 + Level 10.8(11.9) Maces & Flails
 * Level 2.8 Throwing
 * Level 11.4 Armour
 * Level 7.0 Dodging
 * Level 6.0 Stealth
 * Level 9.6 Shields


You had 11 spell levels left.
You didn't know any spells.
Your spell library contained the following spells:

 Spells                   Type           Power      Damage    Failure   Level
 Foxfire                  Conj/Fire      0%         2x1d4     99%         1
 Necrotise                Necr           0%         1d4       99%         1
 Lesser Beckoning         Tloc           0%         N/A       100%        2
 Dazzling Flash           Conj/Hex       0%         N/A       100%        3
 Frozen Ramparts          Ice            0%         1d1       100%        3
 Gell's Gravitas          Tloc           0%         N/A       100%        3
 Teleport Other           Tloc           0%         N/A       100%        3
 Vampiric Draining        Necr           0%         2d6       100%        3
 Volatile Blastmotes      Fire/Tloc      0%         2d10      100%        3
 Fulminant Prism          Conj/Hex       0%         3d5       100%        4
 Ice Form                 Ice/Tmut       0%         N/A       100%        4
 Iskenderun's Mystic Bla  Conj/Tloc      0%         2d3       100%        4
 Summon Ice Beast         Ice/Summ       0%         N/A       100%        4
 Agony                    Necr           0%         N/A       100%        5
 Fireball                 Conj/Fire      0%         3d3       100%        5
 Lee's Rapid Deconstruct  Erth           0%         3d4*      100%        5
 Plasma Beam              Fire/Air       0%         2x1d10    100%        6
 Starburst                Conj/Fire      0%         6d3       100%        6


Dungeon Overview and Level Annotations

Branches:
Dungeon (13/15)            Temple (0/1) D:5            Lair (0/5) D:9
    Orc (0/2) D:11
 Vaults: D:13-14

Altars:
Fedhas
Gozag
Hepliaklqana
Okawaru
Qazlal
Ru
Wu Jian
Yredelemnul

Shops:
D:6 ?   D:8 =   D:10 *   D:11 :

Annotations:
D:9 2 runed translucent doors, G0Dl1kE's ghost, novice OpFi
D:11 1 runed translucent door, pornopis's ghost, journeyman BaHu


Innate Abilities, Weirdness & Mutations

You have a pair of horns on your head.
You reflexively headbutt those who attack you in melee.
You have sharp toenails.
You are partially covered in iridescent scales. (AC +2)
You sometimes lose your temper in combat.
You are clumsy. (Dex -2)


Message History

The titanic slime creature is heavily wounded.
An efreet comes into view.
It is wielding a +3 scimitar of flaming.
You sock the titanic slime creature!
The titanic slime creature is heavily wounded.
The titanic slime creature hits you!!!
Ouch! That really hurt!
You hit the titanic slime creature.
The titanic slime creature is heavily wounded.
The titanic slime creature hits you!!
* * * LOW HITPOINT WARNING * * *
You feel much better. The titanic slime creature hits you!
You feel protected from physical attacks.
The titanic slime creature attacks as you move away!
You block the titanic slime creature's attack.
The titanic slime creature attacks as you move away!
The titanic slime creature barely misses you.
You furiously retaliate!
You headbutt the titanic slime creature!
You hear a shout!
A troll comes into view.
There is an open door here.
The titanic slime creature attacks as you move away!
The titanic slime creature hits you!
The titanic slime creature attacks as you move away!
The titanic slime creature misses you. You furiously retaliate!
You headbutt the titanic slime creature.
There is an open door here.
Your protection from physical attacks is fading.
The titanic slime creature attacks as you move away!
The titanic slime creature hits you!!!
Ouch! That really hurt!
* * * LOW HITPOINT WARNING * * *
You feel less protected from physical attacks.
The titanic slime creature attacks as you move away!
The titanic slime creature hits you!
* * * LOW HITPOINT WARNING * * *
You feel protected from physical attacks.
The titanic slime creature attacks as you move away!
The titanic slime creature hits you!!
You die...

#≈≈#.# #~~. #.~~.# #~~.
#.#~.# #... #.#~.#
######.~~ #†##T#
#......~~
+..####.°..######......~.
#......J°......'......≈~
#######J.#######......~≈
#@## ######.~~ #.# ##~~
#.# ##≈≈≈ #.# ≈≈≈≈ #.#
≈≈≈ ######.####### ≈≈
....#........# #####.
#..........#####.....
#....>.†....##.....


You could see a titanic slime creature, a slime creature and a troll.

Vanquished Creatures
  A hydra (D:13)
  A boulder beetle (D:12)
  2 centaur warriors
  3 two-headed ogres
  An orc knight (D:9)
  2 cyclopes
  A manticore (D:11)
  2 ugly things
  Joseph (D:7)
  3 gargoyles
  3 trolls
  3 hornets
  A raiju (shapeshifter) (D:13)
  A vampire (D:12)
  14 yaks
  A basilisk (D:12)
  A wyvern (D:9)
  Eustachio (D:5)
  2 steam dragons (D:9)
  4 wargs
  3 sky beasts
  7 orc warriors
  6 ogres
  3 centaurs
  3 kobold brigands
  3 bullfrogs
  A gnoll sergeant (D:9)
  2 scorpions (D:6)
  A water moccasin zombie (D:6)
  27 wights
  11 killer bees
  2 howler monkeys (D:10)
  2 bullfrog zombies (D:6)
  3 jellies
  3 hounds
  16 orc priests
  A gnoll bouda (D:9)
  2 sleepcaps
  A bullfrog skeleton (D:6)
  9 orc wizards
  5 iguanas
  A killer bee zombie (D:6)
  A howler monkey zombie (D:6)
  8 gnolls
  A howler monkey skeleton (D:6)
  4 adders
  6 worms
  2 dart slugs (D:3)
  28 orcs
  9 endoplasms
  2 goblins
  8 hobgoblins
  6 jackals
  7 kobolds
  3 quokkas
  2 ball pythons (D:1)
  3 bats
  A frilled lizard (D:2)
  4 rats
255 creatures vanquished.

Notes
Turn   | Place    | Note
-------+----------+-------------------------------------------
     0 | D:1      | pollynater the Minotaur Fighter began the quest for the
                  | Orb.
     0 | D:1      | Reached XP level 1. HP: 19/19 MP: 0/0
   276 | D:1      | Reached XP level 2. HP: 24/27 MP: 1/1
   942 | D:2      | Found a stormy altar of Qazlal.
   951 | D:2      | Became a worshipper of Qazlal Stormbringer
  1260 | D:2      | Reached skill level 4 in Armour
  1260 | D:2      | Reached XP level 3. HP: 24/33 MP: 2/2
  1326 | D:2      | Reached skill level 1 in Axes
  1521 | D:3      | Noticed a centaur
  1856 | D:3      | Reached * piety under Qazlal
  1973 | D:3      | Reached XP level 4. HP: 40/40 MP: 3/3
  2046 | D:3      | Reached skill level 1 in Dodging
  2244 | D:3      | Reached skill level 1 in Stealth
  2849 | D:4      | Reached XP level 5. HP: 25/47 MP: 4/4
  2935 | D:4      | Found a basalt altar of Yredelemnul.
  3347 | D:4      | Reached skill level 5 in Armour
  3348 | D:4      | Reached XP level 6. HP: 45/53 MP: 5/5
  3726 | D:5      | Entered Level 5 of the Dungeon
  3732 | D:5      | Noticed a hornet
  3742 | D:5      | Paralysed by a hornet for 1 turns
  3744 | D:5      | Killed a hornet
  3748 | D:5      | Reached skill level 5 in Fighting
  3748 | D:5      | Reached XP level 7. HP: 27/61 MP: 6/6
  4019 | D:5      | Reached skill level 5 in Maces & Flails
  4233 | D:5      | Reached skill level 6 in Armour
  4233 | D:5      | Noticed Eustachio
  4281 | D:5      | Killed Eustachio
  4282 | D:5      | Reached skill level 5 in Shields
  4282 | D:5      | Reached XP level 8. HP: 41/69 MP: 7/7
  4638 | D:5      | Reached ** piety under Qazlal
  4807 | D:5      | Found a staircase to the Ecumenical Temple.
  5035 | D:6      | Reached skill level 7 in Armour
  5168 | D:6      | Reached XP level 9. HP: 71/78 MP: 8/8
  5463 | D:6      | Found Oradd's Magic Scroll Boutique.
  5468 | D:6      | Bought a scroll of enchant armour for 90 gold pieces
  5468 | D:6      | Bought a scroll of identify for 24 gold pieces
  6773 | D:7      | Reached *** piety under Qazlal
  6774 | D:7      | Reached skill level 5 in Axes
  7303 | D:7      | Reached skill level 8 in Armour
  7619 | D:7      | Noticed Joseph
  7850 | D:7      | Killed Joseph
  8301 | D:8      | Noticed a troll
  8309 | D:8      | Killed a troll
  8310 | D:8      | Reached XP level 10. HP: 70/86 MP: 9/9
  8739 | D:8      | Reached skill level 9 in Armour
  8790 | D:8      | Noticed a two-headed ogre
  8796 | D:8      | Killed a two-headed ogre
  8797 | D:8      | Reached skill level 5 in Dodging
  8898 | D:8      | Identified the +9 glaive of Conformity {heavy, rF++ Will-
                  | rCorr Int+2 Dex+3}
  8900 | D:8      | Found Aguajicze's Jewellery Boutique.
  9086 | D:9      | Noticed an orc knight
  9100 | D:9      | Killed an orc knight
  9148 | D:9      | Noticed a cyclops
  9158 | D:9      | Noticed a two-headed ogre
  9160 | D:9      | Killed a cyclops
  9170 | D:9      | Killed a two-headed ogre
  9171 | D:9      | Reached skill level 10 in Armour
  9185 | D:9      | Noticed a centaur warrior
  9192 | D:9      | Killed a centaur warrior
  9193 | D:9      | Reached skill level 5 in Stealth
  9193 | D:9      | Reached XP level 11. HP: 44/95 MP: 10/10
  9204 | D:9      | Reached **** piety under Qazlal
  9204 | D:9      | Noticed a cyan ugly thing
  9213 | D:9      | Killed a cyan ugly thing
  9214 | D:9      | Reached skill level 1 in Throwing
  9450 | D:9      | Found a large runed translucent door.
  9450 | D:9      | Found a large runed translucent door.
  9752 | D:8      | Bought the ring of Dezokh {Fire Will+ rCorr} for 691 gold
                  | pieces
  9827 | D:9      | Found an ornate altar of the Wu Jian Council.
  9835 | D:9      | Found a hazy altar of Hepliaklqana.
  9835 | D:9      | Found an opulent altar of Gozag.
  9836 | D:9      | Found an iron altar of Okawaru.
  9837 | D:9      | Found a blossoming altar of Fedhas.
  9840 | D:9      | Found a sacrificial altar of Ru.
 10011 | D:9      | Noticed G0Dl1kE's ghost (novice OpFi)
 10087 | D:9      | Found a staircase to the Lair.
 10237 | D:9      | Identified the staff "Fomeutep" {Dex+6 Earth}
 10240 | D:9      | Identified the ring "Pocw" {rF- rC+ Dex+3 SInv}
 10242 | D:9      | Identified the +0 hat of the Big Bang {Regen+ rCorr}
 10602 | D:9      | Reached skill level 10 in Maces & Flails
 10856 | D:10     | Entered Level 10 of the Dungeon
 10897 | D:10     | Found Zyismala's Neck Hole.
 10930 | D:10     | Identified the +0 scale mail of Leapfrog {Rampage rElec
                  | rPois}
 11080 | D:10     | Identified the amulet of Yrefec {RegenMP rC+ Str-2 Int+2
                  | Dex+3}
 11764 | D:10     | Gained mutation: You sometimes lose your temper in combat.
                  | [potion of mutation]
 11764 | D:10     | Gained mutation: You are clumsy. (Dex -2) [potion of
                  | mutation]
 11764 | D:10     | Gained mutation: You have sharp toenails. [potion of
                  | mutation]
 11764 | D:10     | Gained mutation: You are partially covered in iridescent
                  | scales. (AC +2) [potion of mutation]
 11872 | D:11     | Reached skill level 11 in Armour
 11899 | D:11     | Found a runed translucent door.
 12235 | D:11     | Found a staircase to the Orcish Mines.
 12395 | D:11     | Found Xakuob's Book Shop.
 12578 | D:11     | Noticed pornopis's ghost (journeyman BaHu)
 12657 | D:12     | Noticed a boulder beetle
 12701 | D:12     | Killed a boulder beetle
 12701 | D:12     | Reached ***** piety under Qazlal
 12883 | D:12     | Noticed a brown ugly thing
 12907 | D:12     | Killed a brown ugly thing
 12908 | D:12     | Reached XP level 12. HP: 106/106 MP: 11/11
 13209 | D:13     | Noticed a centaur warrior
 13226 | D:13     | Killed a centaur warrior
 13277 | D:13     | Noticed a two-headed ogre
 13287 | D:13     | Killed a two-headed ogre
 13367 | D:13     | Noticed a five-headed hydra
 13375 | D:13     | Killed a five-headed hydra
 13376 | D:13     | Reached skill level 10 in Fighting
 13447 | D:13     | HP: 1/106 [titanic slime creature (11)]
 13448 | D:13     | Demolished by a titanic slime creature

Illustrated notes

Levels and vault maps discovered:
D:1:      nicolae_arrival_washed_ashore, layout_basic
D:2:      layout_rooms, basic_altar, serial_bayou_lagoon_b
D:3:      layout_basic, wad_woods_river_04, lightli_corner_chamber
D:4:      layout_basic, yredelemnul_altar_generic
D:5:      layout_rooms, minmay_temple_entry_glassed_door, st_stairs_14,
          minmay_misc_feat_four_crosses, uniq_eustachio
D:6:      layout_layer_cave, serial_shops, nicolae_shop_rolling_square,
          serial_undead, serial_undead_f, serial_undead_f, serial_undead_b,
          serial_undead_c, serial_undead_a, grunt_decor_fettered,
          minmay_microvault
D:7:      layout_gridville, hangedman_decor_diamond_cutter, uniq_joseph
D:8:      layout_basic, serial_shops, nicolae_shop_tiny_real_fake_doors,
          minmay_puff
D:9:      layout_basic, minitemple, erik_lair_orcish_takeover,
          ebering_ghost_disaster_area, minmay_the_grid_2x2
          [minmay_the_grid_dragon_a, minmay_the_grid_small_cups,
          minmay_the_grid_spikes, minmay_the_grid_prize_diamond_cup]
D:10:     layout_loops_corners, nicolae_shop_sticking_my_neck_out
D:11:     layout_small_grid, david_orc_1_choice, ebering_ghost_reflecting_pool,
          serial_shops, nicolae_shop_trees, nicolae_hexahallways
D:12:     layout_rooms
D:13:     layout_roguey, serial_rivers, chequers_serial_rivers_small_a,
          chequers_serial_rivers_large_a, chequers_serial_rivers_micro_b,
          chequers_serial_rivers_small_a

Skill      XL: |  1  2  3  4  5  6  7  8  9 10 11 12 |
---------------+-------------------------------------+-----
Fighting       | 4 5 6 7 8 9 10 | 10.0
Armour         | 4 5 6 7 8 10 11 | 11.4
Axes           | 1 2 3 4 5 6 7 8 |  8.0
Maces & Flails | 3 4 5 7 8 9 10 | 10.8
Shields        | 4 5 6 7 9 |  9.6
Dodging        | 1 2 3 4 5 6 7 |  7.0
Stealth        | 1 2 3 4 5 6 |  6.0
Throwing       | 2 |  2.8

Action                     |  1- 3 |  4- 6 |  7- 9 | 10-12 || total
---------------------------+-------+-------+-------+-------++-------
  Melee: Flail             |    94 |   105 |   330 |   139 ||   668
         Headbutt          |    11 |    23 |    71 |   126 ||   231
         Mace              |       |       |       |   389 ||   389
  Throw: Dart              |       |       |     2 |    11 ||    13
         Boomerang         |       |       |       |     5 ||     5
         Javelin           |       |       |       |     4 ||     4
    Use: Scroll            |     4 |     6 |     7 |     7 ||    24
         Potion            |       |     2 |     1 |     5 ||     8
 Armour: Scale mail        |    42 |     6 |       |       ||    48
         Chain mail        |       |    28 |   206 |    23 ||   257
         Plate armour      |       |       |       |   210 ||   210
  Dodge: Dodged            |    33 |    23 |   130 |   129 ||   315
         Repelled          |       |       |       |     2 ||     2
  Block: Buckler           |    20 |    19 |   127 |   258 ||   424

Table legend: (Time is in decaauts)
 A = Elapsed time spent in this place.
 B = Non-inter-level travel time spent in this place.
 C = Inter-level travel time spent in this place.
 D = Time resting spent in this place.
 E = Time spent auto-exploring this place.
 F = Levels seen in this place.
 G = Mean time per level.
                   A        B        C        D        E       F      G
               +--------+--------+--------+--------+--------+-----+--------+
         Total |  13569 |  12867 |    702 |    992 |   8838 |  13 | 1043.8 |
       Dungeon |  13569 |  12867 |    702 |    992 |   8838 |  13 | 1043.8 |
               +--------+--------+--------+--------+--------+-----+--------+

Top non-repeatable levels by time:
     D:6: 2081 daAuts
     D:9: 1582 daAuts
     D:3: 1379 daAuts
     D:7: 1163 daAuts
     D:8: 1150 daAuts
     D:5: 1042 daAuts
     D:4: 1027 daAuts
     D:1: 952 daAuts
    D:10: 898 daAuts
    D:11: 866 daAuts
    D:12: 589 daAuts
     D:2: 575 daAuts
    D:13: 258 daAuts
